 Dungeon Crawl Stone Soup version 0.29.1-15-g9cfb28693d (webtiles) character file.

Game seed: 10760060832103817514

9 leafyfresh the Sneak (level 2, -20/21 HPs)
             Began as an Octopode Delver on Mar 4, 2023.
             Demolished by an ogre
             ... wielding a +0 giant club
              (22 damage)
             ... on level 5 of the Dungeon.
             The game lasted 00:00:35 (234 turns).

leafyfresh the Sneak (Octopode Delver)               Turns: 234, Time: 00:00:36

Health: -20/21     AC:  1    Str: 11    XL:     2   Next: 16%
Magic:  2/2        EV: 13    Int: 12    God:
Gold:   13         SH:  0    Dex: 13    Spells: 1/1 levels left

rFire   . . .      SeeInvis .   a - +0 short sword
rCold   . . .      Faith    .   (no shield)
rNeg    . . .      Spirit   .   (helmet restricted)
rPois   .          Reflect  .   (no amulet)
rElec   .          Harm     .   (no ring)
rCorr   .          Rampage  .   (no ring)
Will    .....                   (no ring)
Stlth   ++++......              (no ring)
HPRegen 0.07/turn               (no ring)
MPRegen 0.08/turn               (no ring)
                                (no ring)
                                (no ring)

@: no status effects
A: almost no armour, amphibious, 8 rings, camouflage 1, gelatinous body 1,
(nimble swimmer 1), tentacles
a: no special abilities


You were on level 5 of the Dungeon.
You visited 1 branch of the dungeon, and saw 1 of its levels.

You collected 13 gold pieces.

Inventory:

Hand Weapons
 a - a +0 short sword (weapon)
Wands
 f - a wand of digging (3)
Scrolls
 b - a scroll of fog
 c - a scroll of magic mapping
 d - a scroll of fear
 h - a scroll of poison {unknown}
Potions
 e - a potion of haste
 g - a potion of attraction {unknown}


   Skills:
 + Level 3.1 Fighting
 + Level 2.2 Short Blades
 + Level 2.2 Dodging
 + Level 6.8 Stealth


You had one spell level left.
You didn't know any spells.
Your spell library contained the following spells:

 Spells                   Type           Power      Damage    Failure   Level
 Foxfire                  Conj/Fire      0%         2x1d4     32%         1
 Conjure Flame            Conj/Fire      0%         6-21      69%         3
 Inner Flame              Hex/Fire       0%         N/A       69%         3
 Flame Wave               Conj/Fire      0%         2d4       97%         4


Dungeon Overview and Level Annotations

Branches:
Dungeon (5/15)
 Temple: D:4-7

Altars:


Innate Abilities, Weirdness & Mutations

You cannot wear most types of armour.
You are amphibious.
You can wear up to eight rings at the same time.
Your skin changes colour to match your surroundings (Stealth+).
Your rubbery body absorbs attacks. (AC +1, EV +1)
((You are camouflaged when in or above water. (Stealth+)))
You have tentacles for arms and can constrict up to eight enemies at once.


Message History

Found a sapphire potion.
Found a stone staircase leading down and a stone staircase leading up.
Found a mace.
No target in view!
g - a sapphire potion
h - a scroll labelled POKHOCZEMEGG No target in view!
You pick up a book of Flames and begin reading...
You add the spells Foxfire, Conjure Flame, Inner Flame and Flame Wave to your library.
No target in view!
You now have 13 gold pieces.
Found a ring mail.
No target in view!
You see here a +0 ring mail.
You see here a +0 ring mail.
Found a ring mail.
No target in view!
A gnoll comes into view. It is wielding a +0 flail.
Found 2 poisoned darts.
You see here a +0 ring mail.
The helpless gnoll fails to defend itself.
You impale the gnoll!!
You kill the gnoll!
You have reached level 2!
An ogre comes into view. It is wielding a +0 giant club.
An ogre is nearby!
Unknown command.
The ogre shouts!
You hear a shout! x2
Unknown command.
You see here a +0 ring mail.
The ogre hits you with a +0 giant club. The ogre attacks as you move away!
The ogre hits you with a +0 giant club!
Ouch! That really hurt!
* * * LOW HITPOINT WARNING * * *
The ogre attacks as you move away! The ogre closely misses you.
You see here a +0 ring mail.
The ogre attacks as you move away!
The ogre hits you with a +0 giant club!!
Ouch! That really hurt!
You die...

.# #..........#
.#####...######.#
........## #.#
.####.### #.####
.# #..# #....##
.# ##.# ###...##
.# .. ####.###.##
.. ... #..O.#
#..# .. ....
#.##@###..# .#
....# #.###...#.#
#.# ##.##.#
#.####.##.# #####
#......##.#
#⌠..###
#.#######.#
#..... #.# #.#
#.... #.#######.#
#...# ##.[...##.#


You could see an ogre.

Vanquished Creatures
  A gnoll (D:5)
1 creature vanquished.

Notes
Turn   | Place    | Note
-------+----------+-------------------------------------------
     0 | D:5      | leafyfresh the Octopode Delver began the quest for the Orb.
     0 | D:5      | Reached XP level 1. HP: 16/16 MP: 1/1
   150 | D:5      | Reached XP level 2. HP: 21/21 MP: 2/2
   156 | D:5      | Noticed an ogre
   214 | D:5      | HP: 1/21 [ogre/+0 giant club (16)]
   234 | D:5      | Demolished by an ogre

Illustrated notes

Levels and vault maps discovered:
D:5:      kennysheep_spiral_hall, layout_loops_ring,
          lemuel_coloured_pillars_altar, minmay_temple_entry_offerings

Action                   || total
-------------------------++-------
Melee: Short sword       ||     1
 Stab: Sleeping          ||     1
Dodge: Dodged            ||     1
